 Dungeon Crawl Stone Soup version 0.19-a0-1856-g32653aa (webtiles) character file.

408 PurpleRed the Magician (level 7, -2/36 HPs)
             Began as a Kobold Wizard on Oct 11, 2016.
             Was an Initiate of Vehumet.
             Killed from afar by an orc wizard (7 damage)
             ... with a magic dart
             ... on level 7 of the Dungeon.
             The game lasted 00:16:42 (1624 turns).

PurpleRed the Magician (Kobold Wizard)              Turns: 1624, Time: 00:16:42

Health: -2/36      AC:  5    Str:  5    XL:     7   Next: 13%
Magic:  11/14      EV: 15    Int: 21    God:    Vehumet [......]
Gold:   162        SH:  0    Dex: 13    Spells: 3 memorised, 10 levels left

rFire  . . .     SeeInvis .     u - +5 quarterstaff (chaos)
rCold  . . .     Gourm    .     a - +0 robe
rNeg   . . .     Faith    .     (shield currently unavailable)
rPois  .         Spirit   .     b - +0 hat
rElec  .         Dismiss  .     v - +2 cloak
rCorr  .         Reflect  .     (no gloves)
MR     .....     Harm     .     (no boots)
Stlth  ++........               (no amulet)
                                (no ring)
                                r - ring of wizardry

@: no status effects
A: carnivore 3
a: Renounce Religion


You were on level 7 of the Dungeon.
You worshipped Vehumet.
Vehumet was noncommittal.
You were very full.

You visited 2 branches of the dungeon, and saw 9 of its levels.

You collected 162 gold pieces.

Inventory:

Hand Weapons
 e - a +1 dagger of electrocution
 u - a +5 quarterstaff of chaos (weapon)
Armour
 a - a +0 robe (worn)
 b - a +0 hat (worn)
 v - a +2 cloak (worn)
Jewellery
 r - a ring of wizardry (left hand)
Wands
 q - a wand of paralysis (24/24)
Scrolls
 g - a scroll of fear
 i - a scroll of teleportation
 l - a scroll of enchant armour
 o - 2 scrolls of magic mapping
Potions
 f - a potion of berserk rage
 h - 2 potions of flight
 j - a potion of mutation {unknown}
 n - a potion of brilliance {unknown}
 p - 2 potions of curing {unknown}
 t - a potion of might {unknown}
Books
 c - a book of Minor Magic

   Spells                             Type                      Level
   a - Magic Dart                     Conjuration                  1
   b - Blink                          Translocation                2
   c - Call Imp                       Summoning                    2
   d - Repel Missiles                 Charms/Air                   2
   e - Slow                           Hexes                        2
   f - Conjure Flame                  Conjuration/Fire             3
   g - Mephitic Cloud                 Conjuration/Poison/Air       3
Comestibles
 d - 7 meat rations
 k - a slice of pizza


   Skills:
 + Level 0.2 Fighting
 - Level 2.4 Dodging
 - Level 2.6 Stealth
 * Level 5.2 Spellcasting
 * Level 4.5 Conjurations
 - Level 3.0 Summonings
   Level 1.0 Translocations


You had 10 spell levels left.
You knew the following spells:

 Your Spells              Type           Power        Failure   Level  Hunger
a - Magic Dart            Conj           ###.         1%          1    None
b - Call Imp              Summ           ###.....     2%          2    None
c - Mephitic Cloud        Conj/Pois/Air  ##......     9%          3    ##.....


Dungeon Overview and Level Annotations

Branches:
Dungeon (8/15)             Temple (1/1) D:4
   Lair: D:8-11

Altars:
Cheibriados
Dithmenos
Elyvilon
Fedhas
Hepliaklqana
Kikubaaqudgha
Qazlal
Ru
Sif Muna
Uskayaw
Vehumet
Xom
The Shining One

Annotations:
D:4 Ultraviolent4's ghost, amateur FoFi


Innate Abilities, Weirdness & Mutations

You are small and have problems with some larger weapons.
You are carnivorous and can eat meat at any time.


Message History

The orc wizard blinks!
Something hits you.
You hear some strange, mumbled words.
A magic dart appears from out of thin air!
The magic dart hits you!
Your crimson imp blinks!
The orc wizard hits you with a dagger.
You barely miss the orc wizard.
The orc wizard is lightly wounded.
The orc wizard points at you and mumbles some strange words.
The magic dart hits you!
You hear some strange, mumbled words.
A magic dart appears from out of thin air!
The magic dart hits you!
* * * LOW HITPOINT WARNING * * *
The orc wizard gestures at you while chanting.
The magic dart hits you!
* * * LOW HITPOINT WARNING * * *
A magic dart appears from out of thin air!
The magic dart hits you!
You die...

#.............#.......
#.............#.......
#######......########.....[.
#..........<.#..............
#............#..............
#......#######.....#########
#......#...........#*,,,,,,,
#......#....<......#,,,,,,,,
#......#...@o.5....#,,,,,,,,
#......#...........#,,,,>,,,
#......####'####...#*,,,****
#########...########*,,,*,,,
#............+,,,,*,,,,*,,,
#.......>..).#,,,,*,,,,*,,,
#............#,,,,*,,,,*,,,
#............#,,,,*,,,,*,,,
#............#,,,,*,,,,*,,,


You could see an orc wizard and a friendly crimson imp.

Vanquished Creatures
  A phantom (D:4)
  A scorpion (D:4)
  A hound (D:4)
  Crazy Yiuf (D:2)
  An orc wizard (D:3)
  Natasha (D:3)
  2 worker ants
  5 adders
  A leopard gecko (D:2)
  10 orcs
  A ball python (D:4)
  2 giant cockroaches
  A goblin (D:3)
  2 hobgoblins (D:2)
  A quokka (D:4)
  4 bats (D:2)
  3 frilled lizards
  A kobold (D:1)
  A leopard gecko skeleton (D:4)
  3 rats
43 creatures vanquished.

Vanquished Creatures (collateral kills)
  A hound (D:4)
  An orc wizard (D:6)
  A worker ant (D:4)
  An adder (D:2)
  A worm (D:2)
  2 dart slugs (D:1)
  8 orcs
  A goblin (D:2)
16 creatures vanquished.

Vanquished Creatures (others)
  A plant (D:3)
1 creature vanquished.

Grand Total: 60 creatures vanquished

Notes
Turn   | Place    | Note
-------+----------+-------------------------------------------
     0 | D:1      | PurpleRed the Kobold Wizard began the quest for the Orb.
     0 | D:1      | Reached XP level 1. HP: 10/10 MP: 4/4
   176 | D:2      | Reached XP level 2. HP: 6/15 MP: 0/6
   180 | D:2      | Learned a level 2 spell: Call Imp
   433 | D:2      | Found a runed door.
   479 | D:2      | Reached XP level 3. HP: 19/19 MP: 8/8
   484 | D:2      | Learned a level 3 spell: Mephitic Cloud
   524 | D:2      | Found an ancient bone altar of Kikubaaqudgha.
   524 | D:2      | Found a shadowy altar of Dithmenos.
   526 | D:2      | Found a hide-covered altar of Uskayaw.
   527 | D:2      | Found a hazy altar of Hepliaklqana.
   528 | D:2      | Found a shimmering altar of Xom.
   630 | D:2      | Noticed Crazy Yiuf
   646 | D:2      | Killed Crazy Yiuf
   646 | D:2      | Reached XP level 4. HP: 24/24 MP: 2/9
   719 | D:3      | Reached skill level 4 in Spellcasting
   877 | D:4      | Reached XP level 5. HP: 18/28 MP: 5/11
   879 | D:4      | Noticed Ultraviolent4's ghost (amateur FoFi)
   952 | D:3      | Noticed Natasha
   967 | D:3      | Killed Natasha
  1077 | D:3      | Found a white marble altar of Elyvilon.
  1110 | D:4      | Reached XP level 6. HP: 24/32 MP: 8/12
  1153 | D:4      | Found a staircase to the Ecumenical Temple.
  1180 | Temple   | Entered the Ecumenical Temple
  1188 | Temple   | Became a worshipper of Vehumet
  1264 | D:4      | Noticed a phantom
  1311 | D:4      | Killed a phantom
  1311 | D:4      | Reached skill level 5 in Spellcasting
  1331 | D:5      | Entered Level 5 of the Dungeon
  1449 | D:6      | Reached XP level 7. HP: 24/36 MP: 14/14
  1624 | D:7      | Killed from afar by an orc wizard

Vault maps used:
D:1:      dpeg_arrival_chambers_temple_mockup, minmay_misc_feat_ornament
D:2:      minitemple, uniq_crazy_yiuf_cottage
D:3:      nicolae_overflow_hidden_temple, minmay_hedge_maze,
          serial_bayou_lake_a, uniq_natasha
D:4:      cheibrodos_quashed
D:5:      grunt_temple_overflow_opulence, first_bread
D:6:      basic_altar
D:7:      okawaru_trees_2, enter_bailey_7
D:8:      cheibrodos_ashenzari_chains
Temple:   eino_temple_lava

Skill      XL: |  1  2  3  4  5  6 |
---------------+-------------------+-----
Conjurations   | 2 3 4 |  4.5
Spellcasting   | 4 5 |  5.2
Summonings     | 2 3 |  3.0
Fighting       | |  0.2
Dodging        | |  2.4
Stealth        | |  2.6
Translocations | |  1.0

Action                   |  1- 3 |  4- 6 |  7- 9 || total
-------------------------+-------+-------+-------++-------
Melee: Mace              |    47 |       |       ||    47
       Quarterstaff      |       |    70 |    13 ||    83
 Cast: Magic Dart        |     9 |     6 |       ||    15
       Call Imp          |     6 |    11 |     1 ||    18
       Mephitic Cloud    |     1 |     6 |     3 ||    10
  Use: Scroll            |       |    11 |     2 ||    13
 Stab: Sleeping          |     1 |     6 |       ||     7
       Confused          |     4 |     2 |     1 ||     7
  Eat: Chunk             |     7 |     3 |       ||    10
Armor: Robe              |    13 |    15 |     2 ||    30
Dodge: Dodged            |    63 |    51 |     7 ||   121
